 Dungeon Crawl Stone Soup version 0.18-a0-750-g37044d6 (webtiles) character file.

94 gorblad the Skirmisher (level 4, -3/41 HPs)
             Began as a Draconian Abyssal Knight on Dec 11, 2015.
             Was a Believer of Lugonu.
             Slain by a worker ant (7 damage)
             ... on level 3 of the Dungeon.
             The game lasted 00:14:22 (2694 turns).

gorblad the Skirmisher (Draconian Abyssal Knight)   Turns: 2694, Time: 00:14:22

Health: -3/41      AC:  5    Str: 16    XL:     4   Next: 38%
Magic:  5/5        EV:  7    Int: 12    God:    Lugonu [**....]
Gold:   99         SH:  0    Dex: 10    Spells: 0 memorised, 3 levels left

rFire  . . .     SeeInvis .     a - +1 spear
rCold  . . .     Clarity  .     (armour unavailable)
rNeg   . . .     SustAt   .     (no shield)
rPois  .         Gourm    .     (helmet restricted)
rElec  .         Spirit   .     (no cloak)
rCorr  .         Dismiss  .     (no gloves)
rMut   .         Stasis   .     (no boots)
MR     .....                    (no amulet)
Stlth  +.........               (no ring)
                                (no ring)

@: not resistant to hostile enchantments, very unstealthy
A: unfitting armour, cold-blooded, AC +5
a: Depart the Abyss, Bend Space, Renounce Religion


You were on level 3 of the Dungeon.
You worshipped Lugonu.
Lugonu was pleased with you.
You were not hungry.

You visited 1 branch of the dungeon, and saw 3 of its levels.
You visited the Abyss 1 time.

You collected 99 gold pieces.

Inventory:

Hand Weapons
 a - a +1 spear (weapon)
 h - a +0 vampiric spear
Missiles
 i - 55 sling bullets
 r - 52 stones (quivered)
Scrolls
 e - a scroll of fear {unknown}
 j - a scroll of recharging
 l - 4 scrolls of identify {unknown}
 n - 2 scrolls of teleportation {unknown}
Potions
 c - a potion of heal wounds {unknown}
 f - a potion of curing {unknown}
 k - a potion of might
Comestibles
 b - 2 bread rations
 d - 2 slices of pizza
 m - a beef jerky
 o - 2 meat rations
 p - 3 fruits
 q - a chunk of flesh


   Skills:
 + Level 4.6 Fighting
 + Level 2.9 Polearms
 + Level 2.8 Dodging
 - Level 2.0 Invocations


You had 3 spell levels left.
You didn't know any spells.

Dungeon Overview and Level Annotations

Branches:
Dungeon (3/15)

Altars:


Innate Abilities, Weirdness & Mutations

Your plain brown scales are hard (AC +5).
Your body does not fit into most forms of armour.
You are cold-blooded and may be slowed by cold attacks.


Message History

You are too injured to fight recklessly!
You are too injured to fight recklessly!
You are too injured to fight recklessly!
You are too injured to fight recklessly!
You are too injured to fight recklessly!
You are too injured to fight recklessly!
You are too injured to fight recklessly!
You are too injured to fight recklessly!
You are too injured to fight recklessly!
You are too injured to fight recklessly!
Drink which item? (? for menu, Esc to quit)
It was a potion of cancellation.
You feel magically purged.
The gnoll hits you from afar with a spear.
* * * LOW HITPOINT WARNING * * *
The worker ant bites you but does no damage.
Drink which item? (? for menu, Esc to quit)
Okay, then.
There is a stone staircase leading up here.
The worker ant bites you!
You die... ... ###o. .og

#. #g#
#.##g#
#.##.#
##.##o#
##...#a#
#.###....@.#
........>.#
###......#
##...#.#
##.##.#
#.##.#
#.##.#
#.##.#
..##.#


You could see a worker ant, 3 gnolls and 3 orcs.

Vanquished Creatures
  2 adders (D:2)
  4 worms (D:2)
  6 bats
  2 giant cockroaches (D:1)
  8 hobgoblins
  12 jackals
  5 kobolds
  2 quokkas (D:2)
  2 giant geckos
  3 giant newts (D:2)
  11 goblins
  3 rats
60 creatures vanquished.

Notes
Turn   | Place    | Note
--------------------------------------------------------------
     0 | Abyss:1  | gorblad the Draconian Abyssal Knight began the quest for the Orb.
     0 | Abyss:1  | Reached XP level 1. HP: 19/19 MP: 2/2
   111 | Abyss:1  | Noticed a starcursed mass
   111 | D:1      | Escaped the Abyss
   392 | D:1      | Reached XP level 2. HP: 26/26 MP: 3/3
   464 | D:1      | Reached * piety under Lugonu
  1173 | D:2      | Reached skill level 4 in Fighting
  1173 | D:2      | Reached XP level 3. HP: 18/33 MP: 4/4
  1575 | D:2      | Found a faded altar to an unknown god.
  1723 | D:2      | Reached ** piety under Lugonu
  2019 | D:2      | Reached XP level 4. HP: 36/41 MP: 5/5
  2694 | D:3      | Slain by a worker ant

Vault maps used:
D:1:      minmay_arrival_up_and_down
D:2:      ecumenical_altar_2, first_bread, patterned_corridor
D:3:      uniq_grinder

Action                   |  1- 3 |  4- 6 || total
-------------------------+-------+-------++-------
Melee: Spear             |   175 |    84 ||   259
Throw: Stone             |     3 |     4 ||     7
Invok: Depart the Abyss  |     1 |       ||     1
  Use: Scroll            |     1 |       ||     1
       Potion            |       |     1 ||     1
 Stab: Sleeping          |     1 |     2 ||     3
  Eat: Chunk             |     4 |     2 ||     6
